 Dungeon Crawl Stone Soup version 0.18.1-8-gdd0e5ea (webtiles) character file.

184799 Quirk the Protected (level 17, -10/151 HPs)
             Began as a Minotaur Fighter on June 10, 2016.
             Was the Champion of Okawaru.
             Killed from afar by a lich (11 damage)
             ... with a bolt of acid
             ... on level 3 of the Abyss.
             The game lasted 02:10:41 (38764 turns).

Quirk the Protected (Minotaur Fighter)             Turns: 38764, Time: 02:10:42

Health: -10/151    AC: 21    Str: 37    XL:     17   Next: 79%
Magic:  0/25       EV:  2    Int:  9    God:    Okawaru [******]
Gold:   664        SH:  0    Dex: 17    Spells: 9 memorised, 8 levels left

rFire  + + .     SeeInvis +     o - +5 quick blade "Leviticus" {pierce, Str+6}
rCold  . . .     Gourm    .     e - +4 ring mail "Ogottoy" {rPois rF++ rN+ Int-2}
rNeg   + + +     Faith    .     U - +1 shield {reflect}
rPois  ∞         Spirit   +     j - +2 hat {SInv}
rElec  .         Dismiss  .     t - +0 cloak "Meupp" {+Inv Dex+6}
rCorr  .         Reflect  +     D - +2 pair of gloves "Rath" {Str+4 Int+3}
SustAt .         Harm     .     A - +1 pair of boots
MR     ++...                    n - amulet "Behayrpha" {Spirit Int+3}
Stlth  +.........               E - +4 ring of evasion
                                V - ring of protection from magic

@: about to teleport, petrified, drained, very resistant to hostile
enchantments, very unstealthy
A: retaliatory headbutt, horns 2, wild magic 1
a: Heroism, Finesse, Renounce Religion, Evoke Invisibility


You were on level 3 of the Abyss.
You worshipped Okawaru.
Okawaru was exalted by your worship.
You were not hungry.

You visited 5 branches of the dungeon, and saw 29 of its levels.
You visited the Abyss 1 time.
You visited 1 bazaar.
You also visited: Labyrinth, Sewer, Ice Cave and Volcano.

You collected 3238 gold pieces.
You spent 2574 gold pieces at shops.

Inventory:

Hand Weapons
 a - the +8 falchion of Xican {slice, rN+++ Str-3 Int+3 Stlth-}
   (You found it on level 10 of the Dungeon)

   It inflicts extra damage upon your enemies.
   It affects your strength (-3).
   It affects your intelligence (+3).
   It renders you almost immune to negative energy.
   It makes you less stealthy.
 g - the +8 lance "Wyrmbane" {slay drac, +Rage rPois rF+ AC+5}
   (You bought it in a shop in a bazaar)

   It affects your AC (+5).
   It protects you from fire.
   It protects you from poison.
   It lets you go berserk.
 o - the +5 quick blade "Leviticus" (weapon) {pierce, Str+6}
   (Okawaru gifted it to you on level 3 of the Lair of Beasts)

   It inflicts extra damage upon your enemies.
   It affects your strength (+6).
 J - the +5 mace "Wegedeg" {elec, Dex+4}
   (You found it in an ice cave)

   Occasionally, upon striking a foe, it will discharge some electrical energy
   and cause terrible harm.
   It affects your dexterity (+4).
 S - the +6 dagger of Amorality {pierce, +Inv rF+ Int+4 Dex+2}
   (You found it on level 7 of the Dungeon)

   It inflicts extra damage upon your enemies.
   It affects your intelligence (+4).
   It affects your dexterity (+2).
   It protects you from fire.
   It lets you turn invisible.
 T - a +1 broad axe of chopping
Armour
 e - the +4 ring mail "Ogottoy" (worn) {rPois rF++ rN+ Int-2}
   (You bought it in a shop on level 2 of the Orcish Mines)

   It affects your intelligence (-2).
   It greatly protects you from fire.
   It protects you from poison.
   It protects you from negative energy.
 j - a +2 hat of see invisible (worn)
 t - the +0 cloak "Meupp" (worn) {+Inv Dex+6}
   (You bought it in a shop on level 2 of the Orcish Mines)

   It affects your dexterity (+6).
   It lets you turn invisible.
 y - the +0 chain mail of Junwait {*Corrode +Blink Str+6 Slay+5}
   (Okawaru gifted it to you in an ice cave)

   It affects your strength (+6).
   It affects your accuracy and damage with ranged weapons and melee attacks
   (+5).
   It lets you blink.
   It may corrode you when you take damage.
 A - a +1 pair of boots (worn)
 D - the +2 pair of gloves "Rath" (worn) {Str+4 Int+3}
   (You acquired it on level 12 of the Dungeon)

   It affects your strength (+4).
   It affects your intelligence (+3).
 U - a +1 shield of reflection (worn)
Rods
 O - a +6 lightning rod (16/16)
   (You took it off a minotaur in a labyrinth)
Jewellery
 m - an uncursed ring of protection from cold
 n - the amulet "Behayrpha" (around neck) {Spirit Int+3}
   (You acquired it on level 1 of the Lair of Beasts)

   [amulet of guardian spirit]

   It causes incoming damage to be split between your health and magic.
   It affects your intelligence (+3).
 r - a +3 ring of protection
 s - an uncursed ring of protection from magic
 u - an uncursed ring of flight
 w - an uncursed ring of protection from fire
 E - a +4 ring of evasion (right hand)
 V - a ring of protection from magic (left hand)
 X - an uncursed amulet of magic regeneration
Wands
 b - a wand of slowing (24/48)
 p - a wand of lightning (8/15)
 x - a wand of enslavement (5/24)
 G - a wand of acid (9/15)
 K - a wand of iceblast (8/15)
 M - a wand of confusion (12/48)
 Q - a wand of paralysis (10/24)
 R - a wand of digging (11/24)
Scrolls
 z - 15 scrolls of remove curse
 I - 8 scrolls of identify
 L - 6 scrolls of fog
 Y - a scroll of fear
Potions
 c - 3 potions of haste
 d - 7 potions of might
 i - 8 potions of curing
 l - 6 potions of agility
 q - 6 potions of resistance
 B - 2 potions of berserk rage
 H - 9 potions of heal wounds
Miscellaneous
 k - a stone of tremors
Comestibles
 f - 18 bread rations
 C - 8 meat rations


   Skills:
 + Level 13.8(13.7) Fighting
 - Level 8.8(8.6) Short Blades
 + Level 13.1(13.0) Axes
 + Level 13.9(13.7) Armour
 + Level 12.7(12.5) Dodging
 + Level 13.7(13.6) Shields
 + Level 6.6(6.5) Spellcasting
 + Level 6.3(6.2) Hexes
 + Level 11.1(10.9) Invocations
 + Level 9.9(9.7) Evocations


You had 8 spell levels left.
You knew the following spells:

 Your Spells              Type           Power        Failure   Level  Hunger
a - Corona                Hex            ###....      4%          1    None
b - Slow                  Hex            ###.....     8%          2    ##.....
c - Silence               Hex/Air        ##........   100%        5    ######.
d - Cause Fear            Hex            ###.......   36%         4    ####...
e - Gell's Gravitas       Hex/Tloc       ##........   36%         3    ###....
f - Animate Skeleton      Necr           N/A          43%         1    None
g - Summon Small Mammal   Summ           #...         43%         1    None
h - Apportation           Tloc           #.........   43%         1    None
i - Confuse               Hex            ###.....     14%         3    ###....


Dungeon Overview and Level Annotations

Branches:
Dungeon (15/15) Temple (1/1) D:6 Lair (8/8) D:9 Shoals (0/4) Lair:6 Snake (0/4) Lair:3 Slime (0/6) Lair:6 Orc (2/2) D:12 Elf (3/3) Orc:2 Vaults (0/5) D:12 D:13 Depths (0/5) D:15

Altars:
Ashenzari
Cheibriados
Dithmenos
Elyvilon
Fedhas
Gozag
Kikubaaqudgha
Makhleb
Nemelex Xobeh
Okawaru
Pakellas
Qazlal
Ru
Sif Muna
Trog
Vehumet
Xom
Yredelemnul
Zin
The Shining One
Beogh
Jiyva

Shops:
Orc:2 [[[(   Elf:2 :


Innate Abilities, Weirdness & Mutations

You reflexively headbutt those who attack you in melee.
You have a pair of horns on your head.
Your spells are a little harder to cast, but a little more powerful.


Message History

Unknown command.
The balrug gestures at you. Something smites you!
* * * LOW HITPOINT WARNING * * *
You have turned to stone.
The lich touches you.
* * * LOW HITPOINT WARNING * * *
The lich touches you but does no damage.
The red devil hits you but does no damage.
The lich touches you but does no damage. x2
The red devil hits you from afar with a demon trident of venom!
* * * LOW HITPOINT WARNING * * *
The sun demon hits you!
* * * LOW HITPOINT WARNING * * *
You are engulfed in flames.
You resist.
* * * LOW HITPOINT WARNING * * *
The lich touches you.
The lich gestures at you while chanting.
Helpless, you fail to dodge the bolt of acid.
You die...

..#. .#. .
...##...#
..#....# ....#.
...## # .
######... .#..
#.. .#..# ...#. #
# #
#.##.##@#...... .
..### ##.
#L3##.## ##...
≈≈≈423≈≈≈≈# # .
#.≈≈≈#≈≈≈4≈≈§≈≈..
. # .#.
≈≈≈.≈≈≈≈≈≈#≈≈#.
.## # .
#..##X.#≈≈≈≈#. .
# #.
#..##..##≈≈≈≈§ .
. .........≈
.≈≈≈≈ ..... .
....≈≈≈


You could see a tentacled starspawn, a lich, a balrug, a sun demon, a smoke
demon and 2 red devils.

Vanquished Creatures
  Rupert (D:12)
  A deep elf blademaster (Elf:3)
  Gastronok (D:8)
  Donald (D:12)
  4 deep elf sorcerers (Elf:3)
  A frost giant (IceCv)
  An orc warlord (Orc:2)
  2 deep elf elementalists
  A wizard (Abyss:3)
  3 deep elf demonologists
  Nessos (D:14)
  4 deep elf annihilators (Elf:3)
  A minotaur (Lab)
  An ettin (Orc:1)
  Snorg (D:13)
  4 deep elf death magi
  A blizzard demon (Abyss:3)
  Josephine (D:13)
  3 slime creatures (D:15)
  Erolcha (D:12)
  Harold (Lair:2)
  8 hydras
  A deep elf high priest (Elf:1)
  2 centaur warriors
  Erica (D:8)
  6 ogre magi
  A death knight (D:15)
  The ghost of Gargoyl the Protected, a novice DsAK of Lugonu (D:10)
  An orc high priest (Orc:2)
  7 death yaks
  2 tengu warriors
  24 dancing weapons
  13 deep elf knights
  Sonja (D:12)
  Nergalle (D:10)
  A large abomination (Abyss:3)
  6 skeletal warriors
  2 unseen horrors
  6 hill giants
  4 orc knights
  8 deep elf archers
  42 deep elf magi
  A necromancer (Lair:4)
  2 griffons
  A manticore (D:11)
  15 ugly things
  5 orc sorcerers
  A cyclops (D:14)
  16 elephants
  Maurice (D:8)
  4 black mambas
  An ice statue (IceCv)
  A naga mage (D:15)
  2 centaur zombies (D:12)
  Joseph (D:10)
  2 molten gargoyles (Volcano)
  An orange demon (Abyss:3)
  2 gargoyles
  2 rime drakes
  16 spiny frogs
  8 komodo dragons
  An ancient zyme (Abyss:3)
  5 trolls
  A polar bear (shapeshifter) (D:14)
  2 giant leeches
  22 polar bears (IceCv)
  A queen bee (D:11)
  17 two-headed ogres
  A merfolk (Lair:6)
  A hornet zombie (D:11)
  21 blink frogs
  3 air elementals
  2 shadows
  45 yaks
  2 redbacks (Lab)
  2 water elementals (Elf:2)
  5 wraiths (D:14)
  6 basilisks
  2 wyverns
  16 humans (D:12)
  A wyvern (shapeshifter) (D:14)
  2 fire bats (Volcano)
  A golden eye (shapeshifter) (Elf:1)
  2 hungry ghosts
  6 hippogriffs
  4 wargs
  15 vampire mosquitoes
  3 insubstantial wisps (Abyss:3)
  A mottled dragon (D:12)
  A soldier ant (D:12)
  13 porcupines
  A small abomination (Abyss:3)
  Duvessa (D:5)
  11 water moccasins
  2 ice beasts
  5 sky beasts
  27 orc warriors
  42 ogres
  4 phantoms
  26 wolves
  A black bear (shapeshifter) (D:15)
  2 eyes of draining (D:14)
  13 centaurs
  18 crocodiles
  3 big kobolds
  37 giant frogs
  Blork the orc (D:6)
  3 earth elementals
  2 wyvern zombies
  Dowan (D:5)
  3 scorpions
  A vampire bat (Orc:2)
  24 killer bees
  4 wights (D:6)
  5 electric eels
  7 howler monkeys
  4 crimson imps
  A quasit (D:7)
  2 giant frog zombies
  4 centaur skeletons
  6 jellies
  23 orc wizards
  14 orc priests
  2 giant frog skeletons
  3 hounds
  9 iguanas
  4 polar bear simulacra (Lair:4)
  3 yak simulacra (Lair:4)
  6 worker ants
  5 hell rats (Lair:6)
  3 wolf simulacra (Lair:4)
  25 sheep
  A hound zombie (D:11)
  A hound skeleton (D:4)
  A howler monkey zombie (D:6)
  2 worker ant zombies
  9 gnolls
  17 adders
  33 river rats
  3 shadow imps
  An ufetubus (Abyss:3)
  An ooze (Lair:6)
  4 worms
  2 dart slugs
  11 giant geckos
  74 orcs
  5 giant cockroaches
  12 goblins
  5 hobgoblins
  17 jackals
  6 quokkas
  6 ball pythons
  16 bats
  A giant gecko skeleton (D:4)
  3 giant newts
  A jackal skeleton (D:8)
  19 kobolds
  7 rats
  A river rat simulacrum (Lair:4)
  A fungus (Lair:2)
  A plant (Lair:7)
1078 creatures vanquished.

Vanquished Creatures (collateral kills)
  A spiny frog (Lair:8)
  A crocodile (Lair:8)
  A giant frog (Lair:8)
3 creatures vanquished.

Vanquished Creatures (others)
  2 deep elf master archers (Elf:3)
  2 deep elf elementalists (Elf:2)
  A deep elf archer (Elf:1)
  An orc warrior (Orc:2)
  A wasp (D:4)
  A wolf (IceCv)
  A centaur (D:14)
  A gnoll (D:6)
  An orc (D:15)
  17 fungi
  A lurking horror (Abyss:3)
  6 plants
  2 starspawn tentacles (Abyss:3)
  2 starspawn tentacle segments (Abyss:3)
39 creatures vanquished.

Grand Total: 1120 creatures vanquished

Notes
Turn   | Place    | Note
--------------------------------------------------------------
     0 | D:1      | Quirk the Minotaur Fighter began the quest for the Orb.
     0 | D:1      | Reached XP level 1. HP: 19/19 MP: 0/0
   202 | D:1      | Reached XP level 2. HP: 27/27 MP: 1/1
   317 | D:1      | Reached skill level 1 in Dodging
   545 | D:1      | You fall through a shaft!
   545 | D:2      | Found a radiant altar of Vehumet.
   625 | D:2      | Reached XP level 3. HP: 33/33 MP: 2/2
   960 | D:2      | Found a blossoming altar of Fedhas.
   972 | D:2      | Reached XP level 4. HP: 37/41 MP: 3/3
  1707 | D:3      | Found a glowing drain.
  1724 | Sewer    | Entered a sewer
  1779 | Sewer    | Noticed a big kobold
  1795 | Sewer    | Reached XP level 5. HP: 41/47 MP: 4/4
  1915 | Sewer    | Found a white marble altar of Elyvilon.
  2116 | D:3      | Found a basalt altar of Yredelemnul.
  2443 | D:3      | Found a glowing silver altar of Zin.
  2444 | D:3      | Found an opulent altar of Gozag.
  2508 | D:4      | Reached skill level 5 in Armour
  2508 | D:4      | Reached XP level 6. HP: 48/55 MP: 5/5
  2570 | D:4      | Reached skill level 5 in Fighting
  2714 | D:4      | Found an oddly glowing altar of Pakellas.
  2714 | D:4      | Noticed an orange crystal statue
  2772 | D:4      | Found a sacrificial altar of Ru.
  2773 | D:4      | Found a shimmering altar of Xom.
  2963 | D:4      | Reached skill level 5 in Shields
  3319 | D:5      | Entered Level 5 of the Dungeon
  3466 | D:5      | Reached XP level 7. HP: 61/61 MP: 6/6
  3687 | D:5      | Noticed Dowan
  3695 | D:5      | Noticed Duvessa
  3697 | D:5      | Killed Dowan
  3705 | D:5      | Killed Duvessa
  4072 | D:5      | Found a bloodstained altar of Trog.
  4072 | D:5      | Found a deep blue altar of Sif Muna.
  4205 | D:5      | Reached skill level 5 in Axes
  4234 | D:6      | Found a staircase to the Ecumenical Temple.
  4277 | Temple   | Entered the Ecumenical Temple
  4413 | Temple   | Became a worshipper of Warmaster Okawaru
  4453 | D:6      | Noticed Blork the orc
  4473 | D:6      | Killed Blork the orc
  4530 | D:6      | Found a basalt altar of Yredelemnul.
  4597 | D:6      | Found a sacrificial altar of Ru.
  4644 | D:6      | Reached XP level 8. HP: 70/70 MP: 7/7
  4658 | D:6      | Reached skill level 1 in Invocations
  4660 | D:6      | Reached skill level 1 in Evocations
  4666 | D:6      | Reached * piety under Okawaru
  4757 | D:6      | Found a glowing golden altar of the Shining One.
  4988 | D:7      | Noticed a hill giant
  4996 | D:7      | Killed a hill giant
  4996 | D:7      | Reached ** piety under Okawaru
  4996 | D:7      | Reached skill level 5 in Dodging
  5006 | D:7      | Reached XP level 9. HP: 45/78 MP: 9/9
  5454 | D:7      | Got a pitted plate armour
  5468 | D:7      | Identified the cursed +0 plate armour of the Abyss {Str+4} (You found it on level 7 of the Dungeon)
  5503 | D:7      | Got a bloodstained dagger
  5517 | D:7      | Identified the +6 dagger of Amorality {pierce, +Inv rF+ Int+4 Dex+2} (You found it on level 7 of the Dungeon)
  5632 | D:7      | Found a white marble altar of Elyvilon.
  5849 | D:8      | Noticed Erica
  5863 | D:8      | Killed Erica
  5863 | D:8      | Reached *** piety under Okawaru
  5863 | D:8      | Reached skill level 1 in Short Blades
  6183 | D:8      | Reached XP level 10. HP: 18/88 MP: 12/12
  6582 | D:8      | Reached **** piety under Okawaru
  6628 | D:8      | Noticed Maurice
  6635 | D:8      | Killed Maurice
  6680 | D:8      | Found a stormy altar of Qazlal.
  6702 | D:8      | Noticed Gastronok
  6725 | D:8      | Killed Gastronok
  6725 | D:8      | Reached ***** piety under Okawaru
  7096 | D:8      | Gained mutation: Your spells are a little harder to cast, but a little more powerful. [potion of beneficial mutation]
  7126 | D:8      | Reached skill level 5 in Invocations
  7280 | D:8      | Found a burning altar of Makhleb.
  7281 | D:8      | Noticed a blizzard demon
  7482 | D:9      | Found a shimmering altar of Xom.
  7649 | D:9      | Noticed a death yak
  7650 | D:9      | Noticed an elephant
  7772 | D:9      | Reached XP level 11. HP: 95/95 MP: 13/13
  7778 | D:9      | Killed a death yak
  7785 | D:9      | Learned a level 1 spell: Corona
  7788 | D:9      | Learned a level 2 spell: Slow
  7794 | D:9      | Learned a level 5 spell: Silence
  7915 | D:9      | Found a staircase to the Lair.
  8431 | D:10     | Entered Level 10 of the Dungeon
  8442 | D:10     | Noticed Gargoyl's ghost (novice DsAK)
  8474 | Lair:1   | Entered Level 1 of the Lair of Beasts
  8505 | Lair:1   | Found a shadowy altar of Dithmenos.
  9281 | Lair:1   | Noticed a seven-headed hydra
  9293 | Lair:1   | Killed a three-headed hydra
  9293 | Lair:1   | Reached ****** piety under Okawaru
  9293 | Lair:1   | Reached skill level 1 in Spellcasting
  9293 | Lair:1   | Reached skill level 5 in Evocations
  9354 | Lair:1   | Received a gift from Okawaru
  9354 | Lair:1   | Reached skill level 1 in Hexes
  9357 | Lair:1   | Got a jade-encrusted ring mail {god gift}
  9376 | Lair:1   | Identified the +1 ring mail of Unambiguity {Int+3} (Okawaru gifted it to you on level 1 of the Lair of Beasts)
  9533 | Lair:2   | Reached skill level 5 in Short Blades
  9638 | Lair:2   | Noticed Harold
  9652 | Lair:2   | Killed Harold
 10455 | Lair:2   | Reached XP level 12. HP: 39/105 MP: 15/15
 11488 | Lair:3   | Reached skill level 10 in Shields
 11729 | Lair:3   | Found a staircase to the Snake Pit.
 11838 | Lair:3   | Received a gift from Okawaru
 11841 | Lair:3   | Got a fine quick blade {god gift}
 11842 | Lair:3   | Identified the +5 quick blade "Leviticus" {pierce, Str+6} (Okawaru gifted it to you on level 3 of the Lair of Beasts)
 12135 | Lair:4   | Found a labyrinth entrance.
 12144 | Lab      | Entered a labyrinth
 12374 | Lab      | Found an exit through the horrors of the Abyss.
 12414 | Lab      | Got a pitted ring mail
 12762 | Lab      | Noticed a minotaur
 12774 | Lab      | Killed a minotaur
 12774 | Lab      | Reached skill level 10 in Fighting
 12774 | Lab      | Reached skill level 10 in Armour
 12931 | Lair:4   | Identified the cursed +1 ring mail "Ceeg" {Str+4} (You found it in a labyrinth)
 13956 | Lair:4   | Noticed an eight-headed hydra
 13969 | Lair:4   | Killed a four-headed hydra
 14239 | Lair:1   | Learned a level 4 spell: Cause Fear
 14243 | Lair:1   | Learned a level 3 spell: Gell's Gravitas
 14385 | Lair:5   | Reached XP level 13. HP: 93/113 MP: 17/17
 14551 | Lair:5   | Received a gift from Okawaru
 14551 | Lair:5   | Reached skill level 10 in Axes
 14567 | Lair:5   | Learned a level 1 spell: Animate Skeleton
 15150 | Lair:6   | Learned a level 1 spell: Summon Small Mammal
 15152 | Lair:6   | Learned a level 1 spell: Apportation
 15219 | Lair:6   | Found a runed door.
 15220 | Lair:6   | Found a viscous altar of Jiyva.
 15220 | Lair:6   | Found a staircase to the Slime Pits.
 15354 | Lair:6   | Found a dark tunnel.
 15467 | Volcano  | Entered a volcano
 15735 | Volcano  | Found a burning altar of Makhleb.
 16463 | Lair:6   | Found a staircase to the Shoals.
 16634 | Lair:6   | HP: 1/114 [seven-headed hydra (5)]
 17319 | Lair:5   | Received a gift from Okawaru
 18975 | Lair:8   | Entered Level 8 of the Lair of Beasts
 19074 | Lair:7   | HP: 3/116 [blink frog (13)]
 19459 | Lair:8   | Received a gift from Okawaru
 19613 | Lair:8   | Reached XP level 14. HP: 95/124 MP: 18/18
 20328 | Lair:8   | Reached skill level 10 in Dodging
 21329 | D:10     | Killed Gargoyl's ghost
 21412 | D:10     | Noticed Nergalle
 21424 | D:10     | Killed Nergalle
 21455 | D:10     | Got an encrusted falchion
 21456 | D:10     | Identified the +8 falchion of Xican {slice, rN+++ Str-3 Int+3 Stlth-} (You found it on level 10 of the Dungeon)
 21650 | D:10     | Noticed Joseph
 21670 | D:10     | Killed Joseph
 21769 | D:11     | Received a gift from Okawaru
 23032 | D:12     | Noticed Rupert
 23045 | D:12     | Killed Rupert
 23079 | D:12     | Identified a scroll of acquirement
 23086 | D:12     | Got a pair of ichor-stained gloves
 23097 | D:12     | Identified the +2 pair of gloves "Rath" {Str+4 Int+3} (You acquired it on level 12 of the Dungeon)
 23126 | D:12     | Found a staircase to the Orcish Mines.
 23303 | D:12     | Noticed Erolcha
 23312 | D:12     | Killed Erolcha
 23459 | D:12     | Found a glowing golden altar of the Shining One.
 23639 | D:12     | Noticed Sonja
 23956 | D:12     | Killed Sonja
 24573 | D:13     | Found a gate to the Vaults.
 24573 | D:13     | Noticed Donald
 24585 | D:12     | Killed Donald
 24707 | D:12     | Received a gift from Okawaru
 24739 | D:12     | Reached XP level 15. HP: 93/132 MP: 20/20
 24885 | D:12     | Got a faintly glowing rapier {god gift}
 24886 | D:12     | Identified the +3 rapier of Fragile Peace {pain, +Inv MP+9 Dex+5} (Okawaru gifted it to you on level 12 of the Dungeon)
 25377 | D:13     | Learned a level 3 spell: Confuse
 25841 | D:14     | Noticed Snorg
 25856 | D:13     | Killed Snorg
 26028 | D:14     | Found a shimmering altar of Xom.
 26064 | D:14     | Got an ancient chain mail
 26084 | D:14     | Identified the +0 chain mail of the Shining Light {Dex+2} (You found it on level 14 of the Dungeon)
 26101 | D:14     | Found a white marble altar of Elyvilon.
 26217 | D:14     | Received a gift from Okawaru
 26362 | D:14     | Found a frozen archway.
 26440 | D:14     | Noticed Nessos
 26459 | D:14     | Killed Nessos
 26602 | D:14     | Reached skill level 5 in Spellcasting
 26726 | IceCv    | Entered an ice cave
 27120 | IceCv    | Received a gift from Okawaru
 27126 | IceCv    | Got a warped chain mail {god gift}
 27151 | IceCv    | Identified the +0 chain mail of Junwait {*Corrode +Blink Str+6 Slay+5} (Okawaru gifted it to you in an ice cave)
 27332 | IceCv    | Noticed a frost giant
 27381 | IceCv    | Killed a frost giant
 27523 | IceCv    | Got a smoking mace
 27784 | D:14     | Identified the +5 mace "Wegedeg" {elec, Dex+4} (You found it in an ice cave)
 27809 | D:14     | Noticed Josephine
 27834 | D:13     | Killed Josephine
 28439 | D:15     | Entered Level 15 of the Dungeon
 29184 | D:15     | Reached skill level 5 in Hexes
 29248 | D:15     | Found a staircase to the Depths.
 29616 | Orc:1    | Entered Level 1 of the Orcish Mines
 29636 | Orc:1    | Reached XP level 16. HP: 137/141 MP: 23/23
 30131 | Orc:2    | Entered Level 2 of the Orcish Mines
 30303 | Orc:2    | Found a staircase to the Elven Halls.
 30471 | Orc:2    | Received a gift from Okawaru
 30569 | Orc:2    | Paralysed by an ogre mage for 5 turns
 30817 | Orc:2    | Got a faintly glowing hand axe {god gift}
 30818 | Orc:2    | Identified the +1 hand axe of the Viper {chop, rC+ Int+4} (Okawaru gifted it to you on level 2 of the Orcish Mines)
 30841 | Orc:2    | Found Miplupri's Antique Armour Shoppe.
 30841 | Orc:2    | Found Nesic's Antique Armour Shop.
 31010 | Orc:2    | Found Lusewion's Armour Shoppe.
 31010 | Orc:2    | Found Caxum's Weapon Boutique.
 31032 | Orc:2    | Bought a smoking ring mail for 315 gold pieces
 31033 | Orc:2    | Bought a bloodstained cloak for 275 gold pieces
 31039 | Orc:2    | Identified the cursed +0 cloak "Meupp" {+Inv Dex+6} (You bought it in a shop on level 2 of the Orcish Mines)
 31055 | Orc:2    | Identified the +4 ring mail "Ogottoy" {rPois rF++ rN+ Int-2} (You bought it in a shop on level 2 of the Orcish Mines)
 31560 | Orc:1    | Found a roughly hewn altar of Beogh.
 31599 | Orc:1    | You fall through a shaft!
 31637 | Orc:2    | Reached skill level 10 in Invocations
 32441 | Elf:1    | Entered Level 1 of the Elven Halls
 32499 | Elf:1    | Found a flickering gateway to a bazaar.
 32559 | Elf:1    | Received a gift from Okawaru
 33383 | Bazaar   | Entered a bazaar
 33693 | Bazaar   | Found Paholo's Distillery.
 33693 | Bazaar   | Found Biops's Magic Scroll Boutique.
 33702 | Bazaar   | Bought a potion of heal wounds for 65 gold pieces
 33702 | Bazaar   | Bought a potion of haste for 130 gold pieces
 33702 | Bazaar   | Bought a potion of heal wounds for 65 gold pieces
 33702 | Bazaar   | Bought a potion of haste for 130 gold pieces
 33702 | Bazaar   | Bought a potion of curing for 39 gold pieces
 33702 | Bazaar   | Bought a potion of curing for 39 gold pieces
 33702 | Bazaar   | Bought a potion of might for 52 gold pieces
 33708 | Bazaar   | Bought a scroll of recharging for 104 gold pieces
 33727 | Bazaar   | Found Haatareh's Food Boutique.
 33750 | Bazaar   | Found Azijiry's Weapon Shop.
 33755 | Bazaar   | Bought the +8 lance "Wyrmbane" {slay drac, +Rage rPois rF+ AC+5} for 1114 gold pieces
 33789 | Bazaar   | Bought a scroll of magic mapping for 38 gold pieces
 33789 | Bazaar   | Bought a scroll of identify for 22 gold pieces
 33789 | Bazaar   | Bought a scroll of enchant weapon for 82 gold pieces
 33789 | Bazaar   | Bought a scroll of enchant armour for 82 gold pieces
 33789 | Bazaar   | Bought a scroll of identify for 22 gold pieces
 33998 | Elf:2    | Received a gift from Okawaru
 34033 | Elf:2    | Found Hocoedgh's Book Boutique.
 34392 | Elf:2    | Found a runed gate.
 34392 | Elf:2    | Found a runed gate.
 34393 | Elf:2    | Found a runed gate.
 34881 | Lair:1   | Got a warped ruby amulet
 34883 | Lair:1   | Identified the amulet "Behayrpha" {Spirit Int+3} (You acquired it on level 1 of the Lair of Beasts)
 35234 | Elf:2    | Reached XP level 17. HP: 95/150 MP: 17/25
 36115 | Elf:2    | Received a gift from Okawaru
 36342 | Elf:3    | Entered Level 3 of the Elven Halls
 37387 | Elf:3    | Noticed a deep elf master archer
 37418 | Elf:3    | Killed a deep elf master archer
 37631 | Elf:3    | Noticed a deep elf master archer
 37650 | Elf:3    | Killed a deep elf master archer
 38399 | Elf:3    | Noticed a deep elf blademaster
 38449 | Elf:3    | Killed a deep elf blademaster
 38449 | Elf:3    | Cast into level 3 of the Abyss (a deep elf sorcerer)
 38474 | Abyss:3  | Found a corrupted altar of Lugonu.
 38604 | Abyss:3  | Noticed a tentacled monstrosity
 38753 | Abyss:3  | Noticed a lich
 38763 | Abyss:3  | HP: 3/151 [sun demon[a balrug] (5)]
 38763 | Abyss:3  | HP: 1/151 [sun demon[a balrug] (2)]
 38764 | Abyss:3  | Killed from afar by a lich

Skill      XL: |  1  2  3  4  5  6  7  8  9 10 11 12 13 14 15 16 17 |
---------------+----------------------------------------------------+-----
Armour         | 4 5 6 7 8 9 10 11 12 13 | 13.9
Dodging        | 1 2 3 4 5 6 7 8 9 10 11 12 | 12.7
Fighting       | 4 5 6 7 8 9 10 11 12 13 | 13.8
Shields        | 4 5 6 7 8 9 10 11 12 13 | 13.7
Axes           | 3 4 5 6 7 8 9 10 11 12 13 | 13.1
Invocations    | 2 4 5 7 8 9 10 11 | 11.1
Evocations     | 2 3 4 5 6 7 8 9 |  9.9
Short Blades   | 2 4 5 6 7 8 |  8.8
Spellcasting   | 1 3 4 5 6 |  6.6
Hexes          | 1 2 3 4 5 6 |  6.3

Action                   |  1- 3 |  4- 6 |  7- 9 | 10-12 | 13-15 | 16-18 || total
-------------------------+-------+-------+-------+-------+-------+-------++-------
Melee: War axe           |    89 |   132 |       |       |       |       ||   221
       Headbutt          |    12 |    28 |    32 |   140 |   546 |   426 ||  1184
       Hand axe          |       |    45 |    29 |    12 |    59 |       ||   145
       Battleaxe         |       |       |   100 |   272 |   120 |       ||   492
       Dagger            |       |       |    78 |   198 |    37 |       ||   313
       Quick blade       |       |       |       |    55 |  1460 |  1277 ||  2792
       Falchion          |       |       |       |       |    94 |       ||    94
Invok: Heroism           |       |       |       |     1 |     1 |       ||     2
       Finesse           |       |       |       |       |     1 |       ||     1
Evoke: Wand              |       |       |     1 |    11 |     5 |       ||    17
  Use: Scroll            |       |       |    18 |    11 |    21 |    13 ||    63
       Potion            |       |       |     2 |     3 |     6 |       ||    11
 Stab: Invisible         |       |       |     1 |       |       |       ||     1
  Eat: Chunk             |       |     7 |     9 |    23 |    21 |    11 ||    71
       Royal jelly       |       |       |     1 |     1 |     3 |     6 ||    11
       Pizza             |       |       |       |     1 |     7 |       ||     8
       Meat ration       |       |       |       |       |     1 |     1 ||     2
       Fruit             |       |       |       |       |     3 |       ||     3
       Beef jerky        |       |       |       |       |     2 |     3 ||     5
Armor: Scale mail        |    36 |    71 |    68 |       |       |       ||   175
       Plate armour      |       |       |    39 |   155 |   419 |       ||   613
       Ring mail         |       |       |       |    71 |       |    88 ||   159
       Chain mail        |       |       |       |       |    56 |    19 ||    75
Dodge: Dodged            |    36 |    63 |   196 |   505 |   778 |   308 ||  1886
Block: Shield            |    55 |    99 |    15 |       |   360 |   453 ||   982
       Reflection        |       |       |       |       |    25 |    52 ||    77
